 Dungeon Crawl Stone Soup version 0.31.0-32-g396128a36d (webtiles) character file.

Game seed: 14277240705987766079

3580 bearlyready the Cleaver (level 10, 0/77 HPs)
             Began as a Hill Orc Berserker on Mar 30, 2024.
             Was an Elder of Trog.
             Slain by a white imp (4 damage)
             ... on level 8 of the Dungeon.
             The game lasted 00:10:00 (6952 turns).

bearlyready the Cleaver (Hill Orc Berserker)        Turns: 6952, Time: 00:10:01

Health: 0/77       AC:  9    Str: 25    XL:     10   Next: 10%
Magic:  10/10      EV: 16    Int:  7    God:    Trog [****..]
Gold:   349        SH:  0    Dex: 10    Spells: 9/9 levels left

rFire   . . .        a - +0 hand axe
rCold   . . .        (no shield)
rNeg    . . .        l - +3 ring mail
rPois   .            (no helmet)
rElec   .            m - +0 cloak
rCorr   .            (no gloves)
SInv    .            (no boots)
Will    .....        d - amulet of magic regeneration Stlth
                     H - +5 ring of evasion
HPRegen 0.32/turn    w - ring of flight
MPRegen 0.52/turn

%: no passive effects
@: mighty, on berserk cooldown, flying, slowed, very slow
A: no striking features
a: Renounce Religion, Berserk, Trog's Hand, Brothers in Arms


You were on level 8 of the Dungeon.
You worshipped Trog.
Trog was greatly pleased with you.
You visited 2 branches of the dungeon, and saw 9 of its levels.
You also visited: Ossuary.

You collected 349 gold pieces.

Inventory:

Hand Weapons
 a - a +0 hand axe (weapon)
Missiles
 r - 5 atropa-tipped darts
 x - 3 boomerangs
 J - 15 poisoned darts (quivered)
Armour
 e - a +0 leather armour of cold resistance
 l - a +3 ring mail (worn)
 m - a +0 cloak (worn)
Jewellery
 d - an amulet of magic regeneration (around neck)
 o - a ring of protection from cold
 w - a ring of flight (right hand)
 H - a +5 ring of evasion (left hand)
Wands
 b - a wand of charming (12)
 k - a wand of mindburst (32)
 t - a wand of quicksilver (8)
 y - a wand of iceblast (3)
 L - a wand of digging (6)
Scrolls
 c - a scroll of revelation {unknown}
 f - 3 scrolls of torment {unknown}
 g - 5 scrolls of teleportation
 h - 4 scrolls of immolation {unknown}
 i - a scroll of blinking {unknown}
 n - a scroll of enchant weapon {unknown}
 p - 2 scrolls of fog {unknown}
 q - 9 scrolls of identify {unknown}
 s - a scroll of amnesia {unknown}
 z - 4 scrolls of enchant armour {unknown}
 B - a scroll of silence {unknown}
 G - a scroll of brand weapon {unknown}
 I - a scroll of fear {unknown}
 K - a scroll of noise {unknown}
Potions
 j - 2 potions of haste
 u - 2 potions of might
 v - a potion of mutation {unknown}
 A - a potion of resistance {unknown}
 C - 2 potions of lignification {unknown}
 D - a potion of heal wounds {unknown}
 E - a potion of enlightenment {unknown}
 F - 3 potions of curing {unknown}


   Skills:
 - Level 3.6 Fighting
 + Level 13.7 Axes
 - Level 4.1 Throwing
 - Level 2.1 Armour
 - Level 1.5 Dodging
 + Level 8.5 Evocations


You had 9 spell levels left.
You didn't know any spells.
Your spell library was empty.

Dungeon Overview and Level Annotations

Branches:
Dungeon (8/15)             Temple (1/1) D:6         Ossuary (visited)
   Lair: D:8-11

Altars:
Ashenzari
Dithmenos
Elyvilon
Fedhas
Gozag
Hepliaklqana
Kikubaaqudgha
Makhleb
Nemelex Xobeh
Okawaru
Qazlal
Ru
Sif Muna
Trog
Vehumet
Wu Jian
Xom
Yredelemnul
Zin
The Shining One


Message History

The ufetubus completely misses you. The ufetubus closely misses you.
The ufetubus closely misses you. The ufetubus hits you.
The ufetubus slips past you! The ufetubus barely misses you.
The ufetubus hits you but does no damage.
You barely miss the ufetubus. You hit the white imp.
The ufetubus barely misses you.
The ufetubus hits you but does no damage.
The white imp closely misses you. The ufetubus closely misses you.
The ufetubus misses you.
You miss the ufetubus. You hit the white imp but do no damage.
The ufetubus barely misses you. The ufetubus misses you.
The white imp gestures at you. The puff of frost hits you!
* * * LOW HITPOINT WARNING * * *
You hit the white imp but do no damage.
The white imp is moderately wounded.
You hit the ufetubus. The ufetubus misses you. The ufetubus barely misses you.
The white imp closely misses you.
You hit the white imp.
The white imp is moderately wounded.
You hit the ufetubus. The ufetubus closely misses you. The ufetubus misses you.
The ufetubus hits you.
* * * LOW HITPOINT WARNING * * *
The ufetubus misses you. The white imp gestures at you.
The puff of frost hits you!
* * * LOW HITPOINT WARNING * * *
You barely miss the white imp.
The white imp is moderately wounded.
You miss the ufetubus. The ufetubus completely misses you.
The ufetubus hits you but does no damage.
It was a potion of might.
You feel very mighty all of a sudden. The ufetubus barely misses you.
The ufetubus misses you. The white imp completely misses you.
The ufetubus hits you but does no damage. x2
The white imp hits you.
* * * LOW HITPOINT WARNING * * *
The white imp freezes you.
You die...

≈≈.# ..
....# ...#
.. ....##
...#
..#.#....#
####
.....#.#
..#.#..#.#
.........#
.......#.#
##.##.##5#
#. #@# #
#5# #.#
<.# ###


You could see a white imp and an ufetubus.

Vanquished Creatures
  Amaemon (D:8)
  A troll (D:8)
  A yak (D:8)
  A water moccasin (D:7)
  A sky beast (D:7)
  An orc warrior (D:8)
  3 black bears
  An ogre (D:5)
  2 wolves (D:8)
  2 centaurs
  An elf zombie (Ossuary)
  A kobold brigand (D:7)
  A bullfrog (D:6)
  3 scorpions
  8 wights
  3 howler monkeys
  A bombardier beetle (D:5)
  3 jellies
  A hound (D:4)
  Crazy Yiuf (D:5)
  2 orc priests
  A sleepcap (D:6)
  2 iguanas (D:6)
  5 scorpion zombies (Ossuary)
  Ijyb (D:3)
  An orc wizard (D:3)
  3 mummies (Ossuary)
  3 gnolls (D:3)
  10 adders
  A white imp (D:8)
  3 adder zombies (Ossuary)
  A dart slug (D:3)
  A ribbon worm (D:3)
  24 orcs
  An endoplasm (D:2)
  3 giant cockroaches
  2 gnoll zombies (Ossuary)
  7 goblins
  6 hobgoblins
  5 jackals (D:1)
  3 quokkas
  6 ball pythons
  3 bats
  3 frilled lizards
  3 jackal zombies (Ossuary)
  11 kobolds
  3 kobold zombies (Ossuary)
  15 rats
  A spectral kobold (D:3)
167 creatures vanquished.

Notes
Turn   | Place    | Note
-------+----------+-------------------------------------------
     0 | D:1      | bearlyready the Hill Orc Berserker began the quest for the
                  | Orb.
     0 | D:1      | Reached XP level 1. HP: 19/19 MP: 1/1
     9 | D:1      | Noticed a bullfrog
   162 | D:1      | Reached XP level 2. HP: 23/26 MP: 2/2
   328 | D:1      | Reached skill level 5 in Axes
   670 | D:2      | Reached XP level 3. HP: 31/31 MP: 3/3
   726 | D:2      | Reached skill level 6 in Axes
   912 | D:2      | Reached XP level 4. HP: 25/39 MP: 4/4
   986 | D:2      | Reached ** piety under Trog
  1547 | D:3      | Reached skill level 7 in Axes
  1551 | D:3      | Found a faded altar of an unknown god.
  1727 | D:3      | Reached XP level 5. HP: 41/45 MP: 5/5
  1740 | D:3      | Reached skill level 8 in Axes
  1843 | D:3      | Found a stormy altar of Qazlal.
  1997 | D:3      | Noticed Ijyb
  2054 | D:3      | Killed Ijyb
  2055 | D:3      | Reached XP level 6. HP: 15/51 MP: 6/6
  2450 | D:4      | Noticed a black bear
  2469 | D:4      | Killed a black bear
  2470 | D:4      | Reached skill level 1 in Throwing
  2470 | D:4      | Reached skill level 1 in Evocations
  2615 | D:4      | Noticed a black bear
  2635 | D:4      | Killed a black bear
  2879 | D:4      | Reached skill level 9 in Axes
  2988 | D:4      | Reached XP level 7. HP: 53/57 MP: 7/7
  3409 | D:5      | Entered Level 5 of the Dungeon
  3412 | D:5      | Found a runed translucent door.
  3412 | D:5      | Noticed Crazy Yiuf
  3416 | D:5      | Killed Crazy Yiuf
  3514 | D:5      | Found a sand-covered staircase.
  3523 | Ossuary  | Entered an ossuary
  3731 | Ossuary  | Reached *** piety under Trog
  3871 | Ossuary  | Reached XP level 8. HP: 20/64 MP: 8/8
  4443 | D:5      | Found a glowing silver altar of Zin.
  4444 | D:5      | Found a radiant altar of Vehumet.
  4444 | D:5      | Found a blossoming altar of Fedhas.
  4446 | D:5      | Found a shimmering altar of Xom.
  4534 | D:5      | Reached skill level 10 in Axes
  4998 | D:6      | Found a sacrificial altar of Ru.
  5075 | D:6      | Reached **** piety under Trog
  5538 | D:6      | Found a staircase to the Ecumenical Temple.
  5559 | Temple   | Entered the Ecumenical Temple
  5742 | D:7      | Reached skill level 5 in Evocations
  5811 | D:7      | Reached skill level 11 in Axes
  5927 | D:7      | Reached XP level 9. HP: 64/70 MP: 9/9
  6374 | D:7      | Found a basalt altar of Yredelemnul.
  6446 | D:7      | Found a white marble altar of Elyvilon.
  6509 | D:7      | Found a sparkling altar of Nemelex Xobeh.
  6610 | D:7      | Found a burning altar of Makhleb.
  6679 | D:8      | Found an ancient bone altar of Kikubaaqudgha.
  6703 | D:8      | Reached skill level 12 in Axes
  6760 | D:8      | Found a shadowy altar of Dithmenos.
  6794 | D:8      | Noticed a polar bear
  6828 | D:8      | Noticed a troll
  6833 | D:8      | Killed a troll
  6834 | D:8      | Reached skill level 13 in Axes
  6910 | D:8      | Noticed Amaemon
  6929 | D:8      | Killed Amaemon
  6930 | D:8      | Reached XP level 10. HP: 60/77 MP: 10/10
  6952 | D:8      | Slain by a white imp

Illustrated notes

Levels and vault maps discovered:
D:1:      evilmike_arrival_come_back, layout_basic, serial_rivers,
          chequers_serial_rivers_room_a, chequers_serial_rivers_large_a,
          chequers_serial_rivers_micro_e, chequers_serial_rivers_micro_e,
          chequers_serial_rivers_micro_b
D:2:      layout_rooms, minmay_misc_feat_four_crosses
D:3:      minmay_inner_zag, layout_loops_ring, grunt_qazlal_sundering,
          dreamdust_ecumenical_altar_drowned_temple, chequers_arboretum,
          uniq_ijyb
D:4:      layout_layer_cave
D:5:      layout_loops_cross, grunt_temple_overflow_open,
          nicolae_ossuary_entry_monument, uniq_crazy_yiuf_cottage
D:6:      minmay_klotski, layout_loops_corners,
          nicolae_ru_great_annihilating_truth, temple_green
D:7:      layout_rooms, kennysheep_ying_yang, nemelex_spade_bored_becter,
          mainiacjoe_overflow_surrounded_room
D:8:      layout_loops_cross, old_standard_altar, nicolae_uskayaw_dance_studio,
          mainiacjoe_overflow_concentric_impassable, erik_lair_island,
          serial_ice, serial_ice_o, serial_ice_i, serial_ice_n, serial_ice_f,
          serial_ice_d, serial_ice_c, serial_ice_b, serial_ice_e, serial_ice_m,
          serial_ice_h, uniq_amaemon
Temple:   hellmonk_temple_two_chambers

Skill      XL: |  1  2  3  4  5  6  7  8  9 |
---------------+----------------------------+-----
Axes           | 5 6 7 8 9 11 13 | 13.7
Throwing       | 1 3 4 |  4.1
Evocations     | 2 3 5 8 |  8.5
Fighting       | |  3.6
Armour         | |  2.1
Dodging        | |  1.5

Action                     |  1- 3 |  4- 6 |  7- 9 | 10-12 || total
---------------------------+-------+-------+-------+-------++-------
  Melee: Hand axe          |    67 |   195 |   390 |    13 ||   665
         Punch             |       |     1 |     5 |       ||     6
  Throw: Boomerang         |       |       |     9 |       ||     9
         Dart              |       |       |     2 |       ||     2
 Invoke: Berserk           |     1 |     4 |     7 |       ||    12
         Trog's Hand       |       |     1 |       |       ||     1
  Evoke: Wand              |       |     3 |     7 |       ||    10
    Use: Potion            |       |     5 |       |     1 ||     6
         Scroll            |       |       |     1 |     1 ||     2
   Stab: Invisible         |       |       |     1 |       ||     1
         Paralysed         |       |       |     1 |       ||     1
 Armour: Animal skin       |    23 |       |       |       ||    23
         Ring mail         |    23 |   165 |   220 |    19 ||   427
  Dodge: Dodged            |    45 |   125 |   178 |    35 ||   383
